 Dungeon Crawl Stone Soup version 0.30.0-29-ga12c61a403 (webtiles) character file.

Game seed: 17596366302034275952

178799 vfn1303 the Metallomancer (level 17, -9/182 HPs)
             Began as a Grey Draconian Transmuter on June 21, 2023.
             Was an Initiate of Gozag.
             Killed from afar by a deep elf knight (23 damage)
             ... with a shard of ice
             ... on level 1 of the Elven Halls.
             The game lasted 00:58:39 (39912 turns).

vfn1303 the Metallomancer (DrTm)                   Turns: 39912, Time: 00:58:39

Health: -9/182     AC: 27    Str: 19    XL:     17   Next: 59%
Magic:  31/34      EV: 15    Int: 15    God:    Gozag
Gold:   849        SH:  7    Dex: 15    Spells: 23/43 levels left

rFire   + +          +
                       - Unarmed
rCold   + . .        o - +2 buckler of the Apothecary {rF+ Will+ Dex+3}
rNeg    + . .        (body armour unavailable)
rPois   ∞            F - +1 hat
rElec   +            E - scarf {rC+ rF+}
rCorr   +            H - melded +3 pair of gloves of Xiamp {+Blink rCorr Stlth+}
SInv    +            J - melded +2 pair of slick slippers {slick, slippery, EV+4}
Will    ++...        P - amulet of Summertime {RegenMP rCorr SInv}
Stlth   +            x - ring "Emix" {Wiz rElec rF+ Slay-3}
HPRegen 0.50/turn    j - +4 ring of slaying
MPRegen 0.64/turn

%: wizardry (x1)
@: about to teleport, statue-form, wereblooded, very slow
A: slow and powerful, torment resistance 1, boosted hp, AC +14, amphibious,
unfitting armour, cold-blooded
a: End Transformation, Renounce Religion, Potion Petition, Call Merchant, Bribe
Branch


You were on level 1 of the Elven Halls.
You worshipped Gozag.
Gozag was pleased with you.
You were a living statue of rough stone.
You visited 6 branches of the dungeon, and saw 28 of its levels.
You also visited: Ossuary, Gauntlet and Ice Cave.

You collected 11236 gold pieces.
You spent 3654 gold pieces at shops.
You paid 6733 gold pieces to Gozag.

Inventory:

Missiles
 u - 19 silver javelins
Armour
 o - the +2 buckler of the Apothecary (worn) {rF+ Will+ Dex+3}
   (You acquired it on level 7 of the Dungeon)

   Dex:       It affects your dexterity (+3).
   rF:        It protects you from fire.
   Will:      It increases your willpower.
 E - a scarf of resistance (worn)
 F - a +1 hat (worn)
 H - the +3 pair of gloves of Xiamp (melded) {+Blink rCorr Stlth+}
   (You took it off Nikola on level 1 of the Snake Pit)

   +Blink:    It lets you blink.
   rCorr:     It protects you from acid and corrosion.
   Stlth:     It makes you more stealthy.
 J - the +2 pair of slick slippers (melded) {slick, slippery, EV+4}
   (You found it in a Gauntlet)

   Slick:     Its wearer cannot be constricted, engulfed, netted or webbed.
   Slippery:  Its wearer slips away from damaging melee attacks, pulling the
   attacker onward.
   EV:        It affects your evasion (+4).
 M - a +0 tower shield of cold resistance
Jewellery
 c - a ring of protection from cold
 f - a ring of protection from fire
 i - a ring of see invisible
 j - a +4 ring of slaying (right fist)
 k - a ring of resist corrosion
 m - a ring of willpower
 x - the ring "Emix" (left fist) {Wiz rElec rF+ Slay-3}
   (You bought it in a shop on level 10 of the Dungeon)

   [ring of wizardry]

   It improves your spell success rate.
   Slay:      It affects your accuracy & damage with ranged weapons and melee
   (-3).
   rF:        It protects you from fire.
   rElec:     It insulates you from electricity.
 A - a +6 ring of dexterity
 P - the amulet of Summertime (around neck) {RegenMP rCorr SInv}
   (You took it off a minotaur in a Gauntlet)

   [amulet of magic regeneration]

   It increases your rate of magic regeneration.
   SInv:      It lets you see invisible.
   rCorr:     It protects you from acid and corrosion.
 U - a +6 ring of intelligence
 Y - a ring of flight
Wands
 b - a wand of roots (27)
 g - a wand of digging (12)
 v - a wand of charming (20)
 I - a wand of flame (50)
 L - a wand of mindburst (13)
 T - a wand of light (11)
 X - a wand of polymorph (10)
Scrolls
 e - 7 scrolls of fog
 l - 3 scrolls of magic mapping
 p - 10 scrolls of poison
 r - 7 scrolls of identify
 t - 11 scrolls of teleportation
 y - 4 scrolls of amnesia
 z - 2 scrolls of blinking
 K - 2 scrolls of butterflies
 O - 4 scrolls of torment
 S - 3 scrolls of enchant weapon
 Z - 3 scrolls of enchant armour
Potions
 a - 4 potions of lignification
 d - 8 potions of might
 h - 5 potions of haste
 n - a potion of resistance
 q - 10 potions of curing
 w - a potion of heal wounds
 B - 2 potions of invisibility
 C - 6 potions of mutation
 D - 4 potions of flight
 G - 5 potions of cancellation
 Q - 8 potions of attraction
 W - 10 potions of brilliance


   Skills:
 - Level 10.0 Fighting
 - Level 8.0 Dodging
 - Level 5.9 Shields
 - Level 13.5 Unarmed Combat
 + Level 13.7 Spellcasting
 - Level 10.4 Transmutations
 * Level 23.6 Earth Magic


You had 23 spell levels left.
You knew the following spells:

 Your Spells              Type           Power      Damage    Failure   Level
a - Beastly Appendage     Tmut           82%        N/A       1%          1
b - Wereblood             Tmut           41%        N/A       1%          2
c - Statue Form           Tmut/Erth      38%        N/A       1%          6
d - Passwall              Tmut/Erth      47%        N/A       0%          2
e - Shatter               Erth           34%        3d28*     21%         9

Your spell library contained the following spells:

 Spells                   Type           Power      Damage    Failure   Level
 Sandblast                Erth           100%       2d20      0%          1
 Sting                    Tmut/Pois      100%       1d8       1%          1
 Spider Form              Tmut/Pois      25%        N/A       1%          3
 Stone Arrow              Conj/Erth      90%        3d12      1%          3
 Blade Hands              Tmut           20%        N/A       1%          5
 Apportation              Tloc           20%        N/A       3%          1
 Foxfire                  Conj/Fire      40%        2x1d6     3%          1
 Freeze                   Ice            40%        1d6       3%          1
 Magic Dart               Conj           40%        1d5       3%          1
 Call Imp                 Summ           20%        N/A       4%          2
 Poisonous Vapours        Pois/Air       20%        N/A       4%          2
 Static Discharge         Conj/Air       20%        2-3/arc   4%          2
 Ice Form                 Ice/Tmut       25%        N/A       4%          4
 Dazzling Flash           Conj/Hex       20%        N/A       10%         3
 Frozen Ramparts          Ice            20%        1d4       10%         3
 Hailstorm                Conj/Ice       10%        3d5       10%         3
 Inner Flame              Hex/Fire       10%        N/A       10%         3
 Mephitic Cloud           Conj/Pois/Air  10%        N/A       10%         3
 Vhi's Electric Charge    Tloc/Air       20%        N/A       10%         3
 Volatile Blastmotes      Fire/Tloc      20%        2d11      10%         3
 Alistair's Intoxication  Tmut/Pois      16%        N/A       11%         5
 Irradiate                Conj/Tmut      12%        3d15      11%         5
 Yara's Violent Unravell  Hex/Tmut       12%        3d7       11%         5
 Anguish                  Hex/Necr       5%         N/A       32%         4
 Cause Fear               Hex            5%         N/A       32%         4
 Iskenderun's Mystic Bla  Conj/Tloc      10%        2d4       32%         4
 Olgreb's Toxic Radiance  Pois           10%        N/A       32%         4
 Sticky Flame             Conj/Fire      10%        2d3       32%         4
 Summon Lightning Spire   Summ/Air       10%        N/A       32%         4
 Dragon Form              Tmut           20%        N/A       34%         7
 Agony                    Necr           10%        N/A       63%         5
 Arcjolt                  Conj/Air       5%         1d15      63%         5
 Fireball                 Conj/Fire      5%         3d5       63%         5
 Freezing Cloud           Conj/Ice/Air   5%         6-21      63%         5
 Silence                  Hex/Air        5%         N/A       63%         5
 Lehudib's Crystal Spear  Conj/Erth      22%        10d6      83%         8
 Conjure Ball Lightning   Conj/Air       5%         3x3d6     99%         6
 Plasma Beam              Fire/Air       5%         2x1d17    99%         6
 Starburst                Conj/Fire      5%         6d4       99%         6
 Enfeeble                 Hex            5%         N/A       100%        7
 Maxwell's Capacitive Co  Air            5%         ∞         100%        8
 Necromutation            Tmut/Necr      12%        N/A       100%        8


Dungeon Overview and Level Annotations

Branches:
Dungeon (15/15)            Temple (0/1) D:4            Lair (5/5) D:8
  Swamp (1/4) Lair:3        Snake (4/4) Lair:3        Slime (0/5) Lair:5
    Orc (2/2) D:12            Elf (1/3) Orc:2        Vaults (0/5) D:13
 Depths (0/4) D:15        Ossuary (visited)           IceCv (visited)
Gauntlet (visited)

Altars:
Ashenzari
Dithmenos
Fedhas
Gozag
Hepliaklqana
Qazlal
Ru
Sif Muna
Trog
Xom
Jiyva

Shops:
D:9 (:   D:10 =   Orc:1 =   Orc:2 [*?!(   Snake:2 (


Innate Abilities, Weirdness & Mutations

You are a living statue of rough stone.
Your actions are slow, but your melee attacks are powerful.
You are resistant to unholy torment.
Your maximum health is greatly increased.
You are immune to poison.
Your equipment is partially melded.
((Your dull iron-grey scales are very hard. (AC +14)))
You are amphibious.
You cannot fit into any form of body armour.
You are cold-blooded and may be slowed by cold attacks.


Message History

As you read the scroll of teleportation, it crumbles to dust.
You feel strangely unstable.
The deep elf knight shoots an arrow.
You block the arrow.
The deep elf knight gestures at you while chanting.
The shard of ice misses you.
The deep elf knight shoots an arrow.
The arrow hits you but does no damage.
The deep elf knight shoots an arrow.
The arrow hits you!
* * * LOW HITPOINT WARNING * * *
You feel better.
The deep elf knight shoots an arrow.
The arrow closely misses you.
The deep elf knight shoots an arrow.
The arrow barely misses you.
The deep elf knight shoots an arrow.
The arrow hits the deep elf knight!!
The deep elf knight shoots an arrow.
The arrow closely misses you.
The deep elf knight shoots an arrow.
The arrow hits the deep elf knight.
Aiming: Bolt of Light
Press: ? - help, Q - select action, (/) - cycle Shift-Dir - straight line, f - deep elf knight, p - deep elf knight
Aim: a deep elf knight, wielding a +0 shortbow and wearing a +0 scale mail (fast, 50% to hit)
The bolt of light hits the deep elf knight!
The deep elf knight is severely wounded.
The deep elf knight is blinded.
The bolt of light hits the deep elf knight!
The deep elf knight is moderately wounded.
The deep elf knight is blinded.
The deep elf knight shoots an arrow.
The arrow barely misses you.
The deep elf knight shoots an arrow.
The arrow misses the deep elf knight.
You block the arrow.
The deep elf knight gestures at you while chanting.
The lance of force misses the deep elf knight.
The lance of force hits you!!
* * * LOW HITPOINT WARNING * * *
You are knocked back by the lance of force.
You slam into the rock wall!
* * * LOW HITPOINT WARNING * * *
The deep elf knight shoots an arrow.
The arrow barely misses the deep elf knight.
The arrow hits you but does no damage.
The deep elf knight points at you and mumbles some strange words.
The shard of ice hits you!! You partially resist.
You die...
Your body crumbles into a pile of gold.

##### #$..#
#$.$# #ee.#$
#######+##e###
#..≈≈8#......#
#..~≈≈#...8[.+
##########
#..~≈≈#..##..#
#.........
#..~≈≈#..##..#
#..####..#
#..~≈≈'..##..+
#..# #....
#..≈≈≈#..##..#
#..# #....
#..~≈≈#^.##..#$
#..# #...>
#..~~≈#......#
#..###....
#..≈≈8#.)....#
#...##....
#)#######'##+#
#.##.#....


You could see 3 deep elf knights.

Vanquished Creatures
  Vashnia (Snake:2)
  Nikola (Snake:1)
  Jorgrun (Elf:1)
  6 nagarajas
  Aizul (Snake:2)
  The ghost of Zoimialu the Destroyer, an adept OpHW of Vehumet (Snake:1)
  Louise (Snake:1)
  A reaper (IceCv)
  A stone giant (D:15)
  An eleionoma (Swamp:1)
  A minotaur (Gauntlet)
  Snorg (Orc:1)
  An ettin (D:13)
  A fire dragon (Lair:5)
  Josephine (Snake:1)
  5 hydras
  4 anacondas
  2 salamander tyrants
  An ice dragon (D:13)
  A catoblepas (D:9)
  3 boulder beetles
  An ogre mage (D:15)
  11 naga warriors
  7 centaur warriors
  9 two-headed ogres
  4 alligators (Swamp:1)
  5 death yaks (Lair:5)
  3 tengu warriors
  11 naga sharpshooters
  3 dancing weapons (Elf:1)
  4 orc high priests
  7 shock serpents
  3 deep elf knights
  A spriggan (Swamp:1)
  Urug (Lair:2)
  4 skeletal warriors
  3 salamander mystics
  A skyshark (Lair:5)
  4 goliath frogs (Swamp:1)
  4 naga ritualists
  A bog body (Lair:3)
  A swamp dragon (Swamp:1)
  4 orc knights (Orc:2)
  A lindwurm (Lair:5)
  A phantasmal warrior (D:13)
  2 wizards
  2 necromancers (Orc:1)
  10 mana vipers
  10 deep elf pyromancers
  5 ugly things
  6 deep elf zephyrmancers
  6 orc sorcerers (Orc:2)
  An oklob plant (Gauntlet)
  4 cyclopes
  4 manticores
  14 salamanders
  6 elephants (Lair:2)
  13 naga magi
  3 guardian serpents
  6 ice statues
  48 black mambas
  3 molten gargoyles (Lair:5)
  A gargoyle (D:9)
  An apocalypse crab (Gauntlet)
  3 rime drakes
  21 komodo dragons
  10 cane toads
  A freezing wraith (D:15)
  2 efreet
  7 ice devils
  3 spectral nagas (Snake:1)
  A tarantella (shapeshifter) (D:13)
  2 hornets
  3 polar bears
  9 trolls
  3 meliai (D:15)
  16 blink frogs (Lair:5)
  A spectral guardian serpent (Snake:1)
  4 dream sheep (Lair:5)
  A spectral black mamba (Snake:1)
  13 slime creatures
  A shock serpent simulacrum (Snake:1)
  29 yaks
  2 shadows
  A dire elephant simulacrum (IceCv)
  4 water elementals
  6 wraiths
  4 wyverns
  A vampire (D:10)
  7 basilisks
  A fire elemental (Elf:1)
  A hog (Lair:5)
  A death yak simulacrum (IceCv)
  Eustachio (D:5)
  2 large abominations (Gauntlet)
  3 steam dragons
  A mana viper simulacrum (Snake:1)
  5 small abominations (Gauntlet)
  A harpy simulacrum (IceCv)
  A hydra simulacrum (IceCv)
  10 vampire mosquitoes
  3 swamp worms (Swamp:1)
  2 acid dragons
  3 wargs
  23 nagas
  3 hell hounds (Lair:5)
  11 water moccasins
  4 black bears
  24 orc warriors
  10 ice beasts (D:14)
  A black mamba simulacrum (Snake:1)
  A sky beast (D:7)
  5 ogres
  16 wolves
  14 centaurs
  A kobold brigand (D:8)
  10 bullfrogs
  An earth elemental (Elf:1)
  14 scorpions
  2 two-headed ogre simulacra (IceCv)
  7 wights
  3 elephant simulacra (IceCv)
  A warg skeleton (Orc:1)
  3 killer bees (D:9)
  3 electric eels (D:15)
  A howler monkey (D:4)
  5 lava snakes (Lair:5)
  14 jellies (Lair:5)
  11 orc priests
  2 human zombies (Ossuary)
  2 hounds
  A cyclops simulacrum (Orc:1)
  Ijyb (D:5)
  An iguana (D:7)
  4 scorpion zombies (Ossuary)
  20 orc wizards
  5 hell rats (Lair:5)
  2 troll simulacra (IceCv)
  3 spriggan simulacra (IceCv)
  A wolf simulacrum (IceCv)
  A centaur simulacrum (D:9)
  An ogre skeleton (Orc:1)
  3 mummies (Ossuary)
  3 naga simulacra
  14 adders
  3 orc skeletons (Orc:1)
  A shadow imp (D:5)
  2 white imps (IceCv)
  6 ufetubi
  An orc simulacrum (Orc:1)
  3 worms
  2 dart slugs (D:1)
  65 orcs
  7 endoplasms
  3 giant cockroaches
  5 goblins
  7 hobgoblins
  3 quokkas
  7 ball pythons
  3 bats (D:1)
  5 frilled lizards
  3 gnoll zombies (Ossuary)
  3 goblin zombies (Ossuary)
  3 hobgoblin zombies (Ossuary)
  8 kobolds
  3 kobold zombies (Ossuary)
  2 orc zombies (Ossuary)
  7 rats
869 creatures vanquished.

Vanquished Creatures (others)
  A hell hound (Lair:5)
  A black mamba simulacrum (Snake:1)
  A white imp (IceCv)
3 creatures vanquished.

Grand Total: 872 creatures vanquished

Notes
Turn   | Place    | Note
-------+----------+-------------------------------------------
     0 | D:1      | vfn1303 the Draconian Transmuter began the quest for the
                  | Orb.
     0 | D:1      | Reached XP level 1. HP: 16/16 MP: 3/3
   198 | D:1      | Reached XP level 2. HP: 12/23 MP: 3/5
   603 | D:1      | Found a faded altar of an unknown god.
   832 | D:1      | Prayed at the altar of an unknown god.
   832 | D:1      | Became a worshipper of Gozag Ym Sagoz the Greedy
  1130 | D:2      | Reached XP level 3. HP: 28/28 MP: 4/6
  1133 | D:2      | Learned a level 2 spell: Wereblood
  1346 | D:2      | Noticed a scorpion
  1357 | D:2      | Killed a scorpion
  1358 | D:2      | Reached XP level 4. HP: 29/36 MP: 5/7
  1928 | D:3      | Reached XP level 5. HP: 40/41 MP: 6/8
  1948 | D:3      | Found a broken altar of Ashenzari.
  2730 | D:3      | Identified the +0 robe of Festooned Mirth {-Tele rN+++
                  | Dex+2 Archmagi}
  2980 | D:4      | Reached XP level 6. HP: 44/50 MP: 8/10
  3046 | D:4      | Found a shimmering altar of Xom.
  3066 | D:4      | Reached skill level 5 in Unarmed Combat
  3323 | D:4      | Found a staircase to the Ecumenical Temple.
  3465 | D:5      | Entered Level 5 of the Dungeon
  3555 | D:5      | Noticed Eustachio
  3577 | D:5      | Killed Eustachio
  3578 | D:5      | Your scales start taking on a dull iron-grey colour.
  3578 | D:5      | Reached XP level 7. HP: 54/57 MP: 8/12
  3699 | D:5      | Noticed Ijyb
  3704 | D:5      | Killed Ijyb
  3720 | D:5      | Reached skill level 5 in Transmutations
  3772 | D:5      | Found a shimmering blue altar of Sif Muna.
  3912 | D:5      | Found a shadowy altar of Dithmenos.
  4608 | D:6      | Reached XP level 8. HP: 60/67 MP: 9/13
  5201 | D:6      | Found a blossoming altar of Fedhas.
  5661 | D:7      | Reached skill level 5 in Fighting
  5796 | D:7      | Identified a scroll of acquirement
  5796 | D:7      | Acquired the +2 buckler of the Apothecary {rF+ Will+ Dex+3}
  6265 | D:7      | Reached skill level 1 in Shields
  6639 | D:8      | Found a staircase to the Lair.
  6732 | D:8      | Found a sacrificial altar of Ru.
  6867 | D:8      | Reached XP level 9. HP: 74/75 MP: 14/14
  7029 | D:8      | Found a sand-covered staircase.
  7033 | Ossuary  | Entered an ossuary
  7545 | Ossuary  | Reached skill level 5 in Shields
  7545 | Ossuary  | Reached XP level 10. HP: 88/88 MP: 15/15
  7882 | D:9      | Noticed a tengu warrior
  7998 | D:9      | Found Gisor's Tremendous Tomes.
  8051 | D:9      | Noticed a boulder beetle
  8065 | D:9      | Killed a boulder beetle
  8066 | D:9      | Reached skill level 1 in Earth Magic
  8205 | D:9      | Noticed a two-headed ogre
  8223 | D:9      | Killed a two-headed ogre
  8281 | D:9      | Reached skill level 2 in Earth Magic
  8324 | D:9      | Found a hazy altar of Hepliaklqana.
  8450 | D:9      | Reached XP level 11. HP: 95/95 MP: 12/16
  8634 | D:9      | Found Rownolor's Antique Weapon Shop.
  8931 | D:9      | Found a runed translucent door.
  8931 | D:9      | Noticed a wizard
  8941 | D:9      | Killed a wizard
  8942 | D:9      | Reached skill level 3 in Earth Magic
  8961 | D:9      | Noticed a catoblepas
  8974 | D:9      | Killed a catoblepas
  9008 | D:9      | Noticed a skeletal warrior
  9177 | Lair:1   | Entered Level 1 of the Lair of Beasts
  9228 | D:8      | Reached skill level 4 in Earth Magic
 10788 | Lair:2   | Found a gate leading to a gauntlet.
 10812 | Gauntlet | Entered a Gauntlet
 10812 | Gauntlet | Found a transporter.
 10812 | Gauntlet | Found a transporter.
 10812 | Gauntlet | Found a runed translucent door.
 10814 | Gauntlet | Found a runed translucent door.
 10817 | Gauntlet | Found a runed translucent door.
 10827 | Gauntlet | Found a transporter.
 10831 | Gauntlet | Found a transporter.
 10841 | Gauntlet | Found a transporter.
 10843 | Gauntlet | Found a transporter.
 10853 | Gauntlet | Found a transporter.
 10855 | Gauntlet | Found the +2 pair of slick slippers {slick, slippery, EV+4}
 10869 | Gauntlet | Found a runed translucent gate.
 10870 | Gauntlet | Found a transporter.
 10870 | Gauntlet | Found a runed translucent gate.
 10871 | Gauntlet | Found a runed translucent gate.
 10887 | Gauntlet | Found a transporter.
 10891 | Gauntlet | Found a transporter.
 10899 | Gauntlet | Found a transporter.
 10903 | Gauntlet | Found a transporter.
 11012 | Gauntlet | Noticed an oklob plant
 11064 | Gauntlet | Killed an oklob plant
 11285 | Gauntlet | Reached skill level 5 in Earth Magic
 11332 | Gauntlet | Identified the +4 demon trident of Amorality {freeze,
                  | Dex+2}
 11332 | Gauntlet | Identified the amulet of Summertime {RegenMP rCorr SInv}
 11332 | Gauntlet | Noticed a minotaur
 11367 | Gauntlet | Killed a minotaur
 11422 | Gauntlet | Identified the +2 dagger of Yredelemnul's Anger {heavy,
                  | Str+3 Dex-4 Stlth+}
 11598 | Lair:2   | Reached XP level 12. HP: 106/106 MP: 15/17
 11696 | Lair:2   | Noticed Urug
 11704 | Lair:2   | Killed Urug
 11705 | Lair:2   | Reached skill level 10 in Fighting
 12350 | Lair:2   | Reached skill level 6 in Earth Magic
 12378 | Lair:2   | Reached skill level 7 in Earth Magic
 13262 | Lair:3   | Identified the +3 leather armour "Wurouts" {rPois Dex+2
                  | SInv}
 13304 | Lair:3   | Reached skill level 8 in Earth Magic
 13638 | Lair:3   | Found a staircase to the Snake Pit.
 14003 | Lair:3   | Reached skill level 5 in Spellcasting
 14021 | Lair:3   | Reached skill level 9 in Earth Magic
 14220 | Lair:3   | Found a staircase to the Swamp.
 14699 | Lair:4   | Noticed a four-headed hydra
 14709 | Lair:4   | Killed a four-headed hydra
 14710 | Lair:4   | Reached XP level 13. HP: 54/113 MP: 17/21
 15671 | Lair:5   | Entered Level 5 of the Lair of Beasts
 15683 | Lair:5   | Reached skill level 10 in Earth Magic
 15981 | Lair:5   | Reached skill level 11 in Earth Magic
 16345 | Lair:5   | Found a staircase to the Slime Pits.
 16346 | Lair:5   | Found a viscous altar of Jiyva.
 16700 | Lair:5   | Reached skill level 12 in Earth Magic
 16831 | Lair:5   | Noticed Sonja
 16838 | Lair:5   | Sonja changed into Sonja the hog
 16838 | Lair:5   | Noticed Sonja
 16843 | Lair:5   | Killed Sonja the hog
 17251 | Lair:5   | Reached skill level 10 in Transmutations
 17332 | Lair:5   | Reached skill level 13 in Earth Magic
 17440 | Lair:5   | Found a large runed translucent door.
 17440 | Lair:5   | Found a large runed translucent door.
 17567 | Lair:5   | Noticed a fire dragon
 17586 | Lair:5   | Reached XP level 14. HP: 37/121 MP: 24/24
 18643 | D:10     | Entered Level 10 of the Dungeon
 18869 | D:10     | Found Dukaes's Jewellery Emporium.
 18877 | D:10     | Bought the ring "Emix" {Wiz rElec rF+ Slay-3} for 499 gold
                  | pieces
 19379 | D:10     | Found a bloodstained altar of Trog.
 19605 | D:9      | Bought the Notes on Unstable Anthracomancy for 1300 gold
                  | pieces
 19612 | D:9      | Learned a level 6 spell: Statue Form
 19615 | D:9      | Learned a level 2 spell: Passwall
 19737 | D:11     | Found a frozen archway.
 19781 | IceCv    | Entered an ice cave
 19954 | IceCv    | Reached skill level 14 in Earth Magic
 20066 | IceCv    | HP: 7/157 [ice devil (7)]
 20558 | IceCv    | Noticed a reaper
 20572 | IceCv    | Killed a reaper
 21238 | D:11     | Found a stormy altar of Qazlal.
 21396 | D:12     | Found a staircase to the Orcish Mines.
 22111 | Orc:1    | Entered Level 1 of the Orcish Mines
 22212 | Orc:1    | Reached skill level 15 in Earth Magic
 22453 | Orc:1    | Noticed Snorg
 22466 | Orc:1    | Killed Snorg
 22652 | Orc:1    | Found Isaal's Jewellery Emporium.
 22846 | Orc:2    | Entered Level 2 of the Orcish Mines
 22857 | Orc:2    | Found a staircase to the Elven Halls.
 23003 | Orc:2    | Found Boqu's Antique Weapon Boutique.
 23511 | Orc:2    | Found Naposmur's Armour Shoppe.
 23842 | Orc:2    | Paralysed by an orc sorcerer for 2 turns
 23854 | Orc:2    | Reached skill level 16 in Earth Magic
 23884 | Orc:2    | Found Kaajon's Assorted Antiques.
 23885 | Orc:2    | Found Ecick's Distillery.
 23885 | Orc:2    | Found Buapp's Magic Scroll Shop.
 24161 | Orc:2    | Bought a potion of heal wounds for 165 gold pieces
 24163 | Orc:2    | Bought a potion of haste for 120 gold pieces
 24163 | Orc:2    | Bought 2 potions of curing for 72 gold pieces
 24163 | Orc:2    | Bought a potion of heal wounds for 60 gold pieces
 24163 | Orc:2    | Bought a potion of haste for 120 gold pieces
 24459 | D:13     | Reached XP level 15. HP: 126/126 MP: 28/28
 25117 | D:13     | Found a gate to the Vaults.
 25292 | D:14     | Reached skill level 17 in Earth Magic
 25824 | D:14     | Reached skill level 10 in Spellcasting
 27227 | D:15     | Entered Level 15 of the Dungeon
 27378 | D:15     | Reached skill level 18 in Earth Magic
 27756 | D:15     | Found an opulent altar of Gozag.
 28623 | D:15     | Found a staircase to the Depths.
 29051 | Snake:1  | Entered Level 1 of the Snake Pit
 29070 | Snake:1  | Reached skill level 19 in Earth Magic
 29075 | Snake:1  | Noticed Josephine
 29079 | Snake:1  | Killed Josephine
 29348 | Snake:1  | Identified the +3 pair of gloves of Xiamp {+Blink rCorr
                  | Stlth+}
 29348 | Snake:1  | Noticed Nikola
 29421 | Snake:1  | Killed Nikola
 29453 | Snake:1  | Reached XP level 16. HP: 125/134 MP: 31/31
 29825 | Snake:1  | Noticed Louise
 29832 | Snake:1  | Killed Louise
 29881 | Snake:1  | Found a runed translucent gate.
 29881 | Snake:1  | Found a runed translucent gate.
 29881 | Snake:1  | Found a runed translucent gate.
 29882 | Snake:1  | Noticed Zoimialu's ghost (adept OpHW)
 30097 | Snake:1  | Killed Zoimialu's ghost
 30326 | Snake:1  | Identified the staff of air "Jiliy" {rElec rC- Dex+3 SInv}
 30443 | Snake:1  | Reached skill level 20 in Earth Magic
 30774 | Snake:2  | Noticed Vashnia
 31675 | Snake:2  | Killed Vashnia
 32081 | Snake:2  | Found Otuaxze's Antique Weapon Shoppe.
 32326 | Snake:2  | Noticed Aizul
 32339 | Snake:2  | Killed Aizul
 33318 | Snake:3  | Reached skill level 21 in Earth Magic
 34017 | Snake:3  | HP: 1/261 [naga warrior/+0 halberd (16)]
 35130 | Snake:4  | Entered Level 4 of the Snake Pit
 35543 | Snake:3  | Reached skill level 22 in Earth Magic
 35796 | Snake:3  | Reached XP level 17. HP: 34/140 MP: 33/33
 37458 | Snake:4  | Noticed a quicksilver dragon
 37466 | Snake:4  | Noticed a quicksilver dragon
 37912 | Swamp:1  | Entered Level 1 of the Swamp
 38196 | Swamp:1  | Reached skill level 23 in Earth Magic
 39050 | D:9      | Bought the Teachings on the Plateau and Thunder for 1318
                  | gold pieces
 39060 | D:9      | Learned a level 9 spell: Shatter
 39190 | Elf:1    | Entered Level 1 of the Elven Halls
 39475 | Elf:1    | Noticed Jorgrun
 39482 | Elf:1    | Killed Jorgrun
 39912 | Elf:1    | Killed from afar by a deep elf knight

Illustrated notes

Levels and vault maps discovered:
D:1:      pf_arrival_petrified_forest, layout_loops_ring,
          shapermc_ecumenical_altar_ellora, minmay_pentomino_q4
D:2:      layout_basic
D:3:      layout_loops_ring, nicolae_ashenzari_skybound, minivault_19,
          minmay_box_of_dots
D:4:      layout_basic, mainiacjoe_overflow_boulevard, minmay_temple_entry_fiery
D:5:      layout_loops_cross, nicolae_overflow_crystal_walls,
          overflow_temple_1_default, uniq_eustachio, uniq_ijyb
D:6:      layout_layer_cave, kennysheep_little_box, grunt_decor_one_mirror
D:7:      layout_gridville, kennysheep_flooded_box
D:8:      layout_basic, amcnicky_altar_gilded, lair_entry_dummy,
          enter_ossuary_5, small_statue_intersection
D:9:      minmay_diamond_stairs, layout_long_grid, mainiacjoe_overflow_chevrons,
          nicolae_inconvenience_store, nicolae_shop_i_like_big_books,
          minivault_13
D:10:     layout_basic, tso_altar, mainiacjoe_overflow_alcove_4, serial_shops,
          nicolae_square_shop, hangedman_ranch
D:11:     layout_gridville, portal_ice_cave_demonic_guard,
          nicolae_qazlal_scattered_showers
D:12:     layout_roguey, david_orc_2
D:13:     layout_rooms, david_vaults_4
D:14:     minmay_ice_pillars, layout_irregular_city, minmay_curled_crystal,
          st_stairs_14, kennysheep_small_circle
D:15:     grunt_enter_depths_snipers, layout_basic,
          nicolae_gozag_cash_rules_everything_around_me, chequers_jeans
Lair:1:   layout_chaotic_city, beast_lair_carwin_3
Lair:2:   layout_layer_cave, gauntlet_entry_generic,
          pdpol_lair_neglected_garden, infiniplex_staircase_pool, uniq_urug
Lair:3:   layout_chaotic_city, skrybe_swamp_entry_bodies,
          minmay_snake_entry_guardpost_large, grunt_megastairs_3
Lair:4:   layout_regular_city, serial_bayou_shore_a
Lair:5:   cheibrodos_lair_end_hotspot, layout_misc_corridors,
          minmay_slime_entry_jelly_boxes, uniq_sonja
Swamp:1:  layout_basic_swamp, evilmike_swamp_ruin_house_5
Snake:1:  layout_misc_corridors, gammafunk_ghost_necromancy, uniq_louise,
          uniq_josephine, uniq_nikola
Snake:2:  layout_cave_town, serial_shops, shop, uniq_aizul, uniq_vashnia
Snake:3:  layout_chambers, nicolae_snake_salamander_jacuzzi
Snake:4:  hellmonk_snake_rune_quicksilver_temple, layout_chambers, st_stairs_8
Orc:1:    dreamdust_under_siege, layout_caves, serial_shops, shop,
          bh_open_orc_temple, uniq_snorg
Orc:2:    st_orc_elflike, layout_caves, serial_shops, nicolae_shop_crystal,
          nicolae_orc_pool_cavern, hellmonk_bongcloud_opening,
          guppyfry_library_mini
Elf:1:    minmay_elf_arrival_circle, layout_rooms, evilmike_minifort,
          uniq_jorgrun

Skill      XL: |  1  2  3  4  5  6  7  8  9 10 11 12 13 14 15 16 17 |
---------------+----------------------------------------------------+-----
Fighting       | 2 3 4 5 8 9 10 | 10.0
Transmutations | 3 4 5 6 8 10 | 10.4
Unarmed Combat | 4 5 6 8 11 12 13 | 13.5
Spellcasting   | 3 5 7 9 11 12 13 | 13.7
Dodging        | 2 4 6 7 8 |  8.0
Shields        | 2 5 |  5.9
Earth Magic    | 2 5 9 13 16 19 22 23 | 23.6

Action                     |  1- 3 |  4- 6 |  7- 9 | 10-12 | 13-15 | 16-18 || total
---------------------------+-------+-------+-------+-------+-------+-------++-------
  Melee: Unarmed           |    63 |    87 |   201 |   387 |  1194 |   673 ||  2605
         Headbutt          |     5 |     9 |    35 |    87 |    80 |       ||   216
         Tailslap          |     5 |    11 |    35 |    68 |   219 |   122 ||   460
         Kick              |     4 |    13 |    59 |   132 |   132 |       ||   340
         Punch             |     1 |     1 |     3 |       |       |       ||     5
   Cast: Beastly Appendage |    21 |    24 |    36 |    44 |    35 |       ||   160
         Wereblood         |       |     3 |    27 |    44 |   107 |    69 ||   250
         Statue Form       |       |       |       |       |    63 |    70 ||   133
         Passwall          |       |       |       |       |       |     1 ||     1
 Invoke: Potion Petition   |       |       |       |     2 |     2 |    10 ||    14
  Evoke: Wand              |       |       |     3 |    11 |     6 |     2 ||    22
    Use: Scroll            |       |       |    20 |     8 |     8 |    12 ||    48
         Potion            |       |       |     1 |     9 |     4 |     7 ||    21
   Stab: Distracted        |       |       |     2 |     2 |     7 |     6 ||    17
         Sleeping          |       |       |     1 |       |       |     1 ||     2
         Invisible         |       |       |       |     1 |     8 |       ||     9
         Fleeing           |       |       |       |       |       |     1 ||     1
 Armour: Skin              |    23 |    20 |    70 |    95 |   554 |   457 ||  1219
  Dodge: Dodged            |    34 |    45 |   108 |   192 |   845 |   629 ||  1853
  Block: Buckler           |       |       |    39 |   118 |   528 |   373 ||  1058
